 Dungeon Crawl Stone Soup version 0.28-a0-883-gc8d7bad45d (webtiles) character file.

Game seed: 15487849718953733697

178 Anon1729 the Sneak (level 5, -2/32 HPs)
             Began as a Kobold Brigand on Nov 21, 2021.
             Slain by a gnoll (3 damage)
             ... on level 3 of the Dungeon.
             The game lasted 00:03:48 (3812 turns).

Anon1729 the Sneak (Kobold Brigand)                 Turns: 3812, Time: 00:03:48

Health: -2/32      AC:  3    Str:  8    XL:     5   Next: 89%
Magic:  5/5        EV: 15    Int: 13    God:
Gold:   71         SH:  0    Dex: 17    Spells: 4/4 levels left

rFire   . . .      SeeInvis .   a - +2 dagger
rCold   . . .      Faith    .   (shield restricted)
rNeg    . . .      Spirit   .   b - +0 robe
rPois   .          Reflect  .   (no helmet)
rElec   .          Harm     .   c - +0 cloak
rCorr   .          Rampage  .   (no gloves)
Will    .....                   (no boots)
Stlth   ++++......              (no amulet)
HPRegen 0.10/turn               (no ring)
MPRegen 0.09/turn               (no ring)

@: no status effects
A: small, no large weapons, nightstalker 3
a: no special abilities


You were on level 3 of the Dungeon.
You visited 1 branch of the dungeon, and saw 3 of its levels.

You collected 123 gold pieces.
You spent 52 gold pieces at shops.

Inventory:

Hand Weapons
 a - a +2 dagger (weapon)
Missiles
 d - 21 poisoned darts (quivered)
Armour
 b - a +0 robe (worn)
 c - a +0 cloak (worn)
Magical Staves
 g - a staff of fire
Scrolls
 f - 3 scrolls of teleportation
 h - a scroll of silence {unknown}
 i - a scroll of fear {unknown}
 l - 2 scrolls of identify {unknown}
 m - a scroll of enchant weapon {unknown}
Potions
 j - 2 potions of curing {unknown}
 k - a potion of brilliance {unknown}


   Skills:
 + Level 3.1 Fighting
 * Level 4.6 Short Blades
 + Level 3.2 Throwing
 - Level 2.2 Dodging
 * Level 6.5 Stealth


You had 4 spell levels left.
You didn't know any spells.
Your spell library contained the following spells:

 Spells                   Type           Power      Damage    Failure   Level
 Foxfire                  Conj/Fire      0%         2x1d4     30%         1
 Conjure Flame            Conj/Fire      0%         6-21      67%         3
 Inner Flame              Hex/Fire       0%         N/A       67%         3
 Animate Armour           Summ/Erth      0%         N/A       97%         4
 Flame Wave               Conj/Fire      0%         3d3       97%         4
 Fulminant Prism          Conj/Hex       0%         3d6       97%         4
 Iskenderun's Mystic Bla  Conj/Tloc      0%         2d3       97%         4
 Petrify                  Tmut/Erth      0%         N/A       97%         4
 Lee's Rapid Deconstruct  Erth           0%         3d5*      100%        5
 Iron Shot                Conj/Erth      0%         9d1       100%        6


Dungeon Overview and Level Annotations

Branches:
Dungeon (3/15)

Altars:

Shops:
D:2 ?


Innate Abilities, Weirdness & Mutations

You are small and have problems with some larger weapons.
You are completely attuned to the shadows.


Message History

No target in view!
No target in view!
No target in view!
No target in view!
Found a stone staircase leading up.
Found 18 stones.
Key pressed, stopping explore.
No target in view!
A gnoll comes into view. It is wielding a +3 spear of freezing.
A gnoll comes into view. It is wielding a +0 halberd.
There are monsters nearby!
There are monsters nearby!
The gnoll shouts! x2
You hit the gnoll.
The gnoll is moderately wounded.
You hear a shout!
The gnoll barely misses you.
You hear a shout!
You hit the gnoll.
The gnoll is heavily wounded.
A gnoll comes into view. It is wielding a +0 whip.
The gnoll hits you with a +3 spear of freezing.
The gnoll freezes you.
You closely miss the gnoll.
The gnoll is heavily wounded.
You closely miss the gnoll.
The gnoll is heavily wounded.
The gnoll hits you with a +3 spear of freezing.
The gnoll freezes you.
You barely miss the gnoll.
The gnoll is heavily wounded.
The gnoll hits you from afar with a +3 spear of freezing!
* * * LOW HITPOINT WARNING * * *
The gnoll freezes you.
* * * LOW HITPOINT WARNING * * *
There is a stone staircase leading up here.
The gnoll hits you from afar with a +3 spear of freezing.
* * * LOW HITPOINT WARNING * * *
The gnoll freezes you.
You die...

#.......# ####.#### # #.#
#.# #.# ######## #.#
#.....g## ####.# #<####..##
.....# #.####.g.##
########g#......@######
##......#.........######
...#.#..#...#####......#
##.#...g.......##.####.#
####.##...###.##.##.####.#
#..........##.##.....(##.#
.##.##...)...##.......#.##.#
.......##.##.#######.......#
###..........# #.......#


You could see 2 gnolls.

Vanquished Creatures
  A centaur zombie (D:3)
  Natasha (twice) (D:2)
  3 gnolls
  2 adders
  2 worms (D:2)
  7 bats
  3 endoplasms
  3 giant cockroaches
  4 hobgoblins
  3 jackals
  5 ball pythons
  3 frilled lizards
  3 goblins
  3 kobolds
  5 rats
49 creatures vanquished.

Notes
Turn   | Place    | Note
-------+----------+-------------------------------------------
     0 | D:1      | Anon1729 the Kobold Brigand began the quest for the Orb.
     0 | D:1      | Reached XP level 1. HP: 12/12 MP: 1/1
   224 | D:1      | Reached XP level 2. HP: 18/18 MP: 2/2
  1012 | D:2      | Found a faded altar of an unknown god.
  1025 | D:2      | Found Hadoss's Magic Scroll Shop.
  1039 | D:2      | Bought a scroll of noise for 13 gold pieces
  1039 | D:2      | Bought a scroll of teleportation for 39 gold pieces
  1137 | D:2      | Reached XP level 3. HP: 22/22 MP: 3/3
  2001 | D:2      | Noticed Natasha
  2004 | D:2      | Reached XP level 4. HP: 26/27 MP: 4/4
  2010 | D:2      | Killed Natasha
  2018 | D:2      | Noticed Natasha
  2038 | D:2      | Killed Natasha
  2039 | D:2      | Reached skill level 6 in Stealth
  2215 | D:2      | Got Sif Muna's Handbook of the Mountains
  2272 | D:2      | Reached XP level 5. HP: 32/32 MP: 5/5
  3812 | D:3      | HP: 1/32 [gnoll (5)]
  3812 | D:3      | Slain by a gnoll

Illustrated notes

Levels and vault maps discovered:
D:1:      sevenhm_arrival_forest_fort_small_4, layout_basic
D:2:      layout_loops_corners, ebering_ecumenical_altar_hall, serial_shops,
          shop, kennysheep_generic_room_14, uniq_natasha
D:3:      layout_loops_cross, kennysheep_generic_room_11

Skill      XL: |  1  2  3  4  5 |
---------------+----------------+-----
Short Blades   | 3 4 |  4.6
Dodging        | 2 |  2.2
Throwing       | 3 |  3.2
Stealth        | 6 |  6.5
Fighting       | 3 |  3.1

Action                   |  1- 3 |  4- 6 || total
-------------------------+-------+-------++-------
Melee: Dagger            |    71 |    87 ||   158
Throw: Dart              |     3 |     5 ||     8
 Stab: Sleeping          |    17 |    11 ||    28
Armor: Robe              |     7 |    13 ||    20
       Skin              |       |    11 ||    11
Dodge: Dodged            |    52 |    57 ||   109

Table legend: (Time is in decaauts)
 A = Elapsed time spent in this place.
 B = Non-inter-level travel time spent in this place.
 C = Inter-level travel time spent in this place.
 D = Time resting spent in this place.
 E = Time spent auto-exploring this place.
 F = Levels seen in this place.
 G = Mean time per level.
                   A        B        C        D        E       F      G
               +--------+--------+--------+--------+--------+-----+--------+
         Total |   3792 |   3715 |     77 |    879 |   2320 |   3 | 1264.0 |
       Dungeon |   3792 |   3715 |     77 |    879 |   2320 |   3 | 1264.0 |
               +--------+--------+--------+--------+--------+-----+--------+

Top non-repeatable levels by time:
     D:2: 1941 daAuts
     D:1: 1311 daAuts
     D:3: 539 daAuts
